 Dungeon Crawl Stone Soup version 0.20.1-1-g8b1a95d (webtiles) character file.

282763 raph the Hoplite (level 20, -4/175 (176) HPs)
             Began as a Minotaur Gladiator on Nov 10, 2017.
             Was the Champion of Ashenzari.
             Killed by a resonance strike
             ... invoked by a ragged hierophant
              (11 damage)
             ... in the Desolation of Salt on Nov 11, 2017.
             The game lasted 02:46:10 (45288 turns).

raph the Hoplite (Minotaur Gladiator)              Turns: 45288, Time: 02:46:11

HP:   -4/175 (176)  AC: 29    Str: 28    XL:     20   Next: 11%
MP:   0/28          EV: 22    Int:  5    God:    Ashenzari [******]
Gold: 1738          SH: 34    Dex: 17    Spells: 21/31 levels left

rFire    + + .     SeeInvis +   z - +6 long sword (flame) (curse)
rCold    . . .     Gourm    .   k - +1 large shield {AC+3} (curse)
rNeg     . . .     Faith    .   T - +5 fire dragon scales (curse)
rPois    .         Spirit   +   c - +2 hat (curse)
rElec    .         Reflect  +   a - scarf {Spirit} (curse)
rCorr    .         Harm     .   x - +1 pair of gloves (curse)
MR       .....     Clarity  +   (no boots)
Stlth    +.........             N - amulet "Uhaur" {Reflect rF+ Slay+5 SH+5} (curse)
Regen    0.4/turn               w - +3 ring of protection (curse)
MPRegen  0.3/turn               n - ring of ice

@: mighty, lethally poisoned (-4 -> -26), about to teleport, vulnerable, slowed,
very slow
A: retaliatory headbutt, horns 2
}: 1/15 runes: decaying
a: Curse Item, Scrying, Transfer Knowledge, Renounce Religion


You were in the Desolation of Salt.
You worshipped Ashenzari.
Ashenzari was exalted by your worship.
You were hungry.

You visited 6 branches of the dungeon, and saw 34 of its levels.
You also visited: Labyrinth, Sewer and Desolation.

You collected 4116 gold pieces.
You spent 2378 gold pieces at shops.

Inventory:

Hand Weapons
 z - a cursed +6 long sword of flaming (weapon)
 I - a +0 vampiric demon blade
 U - a +1 double sword of draining
Missiles
 V - 6 throwing nets
 W - 8 javelins (quivered)
Armour
 a - a cursed scarf of spirit shield (worn)
 c - a cursed +2 hat (worn)
 k - a cursed +1 large shield of protection (worn)
 x - a cursed +1 pair of gloves (worn)
 T - cursed +5 fire dragon scales (worn)
Jewellery
 n - a ring of ice (right hand)
 w - a cursed +3 ring of protection (left hand)
 E - an uncursed ring of flight
 K - an uncursed ring of fire
 N - the cursed amulet "Uhaur" (around neck) {Reflect rF+ Slay+5 SH+5}
   (You found it in a labyrinth)

   [amulet of reflection]

   It shields you and reflects attacks.
   It affects your accuracy and damage with ranged weapons and melee attacks
   (+5).
   It protects you from fire.
   It affects your SH (+5).
   It has a curse placed upon it.
Wands
 g - a wand of iceblast (7/15)
 q - a wand of digging (2/24)
 r - a wand of lightning (9/15)
 u - a wand of paralysis (22/24)
 J - a wand of flame (14/48)
 M - a wand of confusion (17/48)
 Q - a wand of disintegration (9/24)
 R - a wand of lightning (3/15)
 X - a wand of acid (9/15)
Scrolls
 h - 6 scrolls of fog
 j - 13 scrolls of teleportation
 y - 5 scrolls of blinking
 C - 9 scrolls of remove curse
 D - a scroll of enchant weapon
 F - 5 scrolls of fear
 L - 22 scrolls of identify
 Y - a scroll of recharging
Potions
 e - 4 potions of magic
 i - 3 potions of heal wounds
 l - 8 potions of flight
 o - 12 potions of curing
 p - 7 potions of brilliance
 s - 2 potions of cancellation
 A - a potion of resistance
 S - 3 potions of agility
 Z - a potion of haste
Miscellaneous
 P - a lightning rod (2/4)
Comestibles
 f - 18 bread rations


   Skills:
 + Level 14.6 Fighting
 + Level 17.1(20.9) Long Blades
 - Level 2.8 Throwing
 + Level 12.4(15.1) Armour
 + Level 13.6(16.2) Dodging
 + Level 4.6 Stealth
 + Level 24.6(26.6) Shields
 + Level 6.1 Spellcasting
 - Level 3.4(6.1) Charms
 + Level 5.3(8.3) Necromancy
 - Level 2.2(4.5) Air Magic
 + Level 6.9(10.0) Evocations


You had 21 spell levels left.
You knew the following spells:

 Your Spells              Type           Power        Failure   Level  Hunger
a - Animate Skeleton      Necr           N/A          1%          1    #......
b - Swiftness             Chrm/Air       #.......     9%          2    ###....
c - Regeneration          Chrm/Necr      #.........   9%          3    ###....
d - Animate Dead          Necr           N/A          17%         4    #####..


Dungeon Overview and Level Annotations

Branches:
Dungeon (15/15)            Temple (0/1) D:5            Lair (6/6) D:10
  Swamp (4/4) Lair:3       Spider (3/4) Lair:2        Slime (0/5) Lair:6
    Orc (2/2) D:11            Elf (0/3) Orc:2        Vaults (4/5) D:13
  Crypt (0/3) Vaults:2     Depths (0/5) D:15

Altars:
Ashenzari
Okawaru
Ru
Sif Muna
Yredelemnul
Beogh

Shops:
D:5 !   D:6 (   D:7 :   D:11 ?   D:13 *   Orc:2 [(*=   Vaults:3 !

Portals:
Trove: D:15 (give +5 ice dragon scales)

Annotations:
D:4 Elmdore's ghost, novice VSFi
D:6 1 runed door
Lair:5 exclusion: 4 oklob plants
Spider:3 Bai Suzhen


Innate Abilities, Weirdness & Mutations

You reflexively headbutt those who attack you in melee.
You have a pair of horns on your head.


Message History

You block the ragged hierophant's attack.
The imperial myrmidon points at you and mumbles some strange words.
Your body is wracked with pain!
* * * LOW HITPOINT WARNING * * *
You block the ironbrand convoker's attack.
The imperial myrmidon misses you. You furiously retaliate!
You headbutt the imperial myrmidon!
The servant of whispers hits your guardian serpent zombie with a quarterstaff.
The guardian serpent hits your juvenile batox beast but does no damage.
The imperial myrmidon hits your servant of whispers zombie with a scimitar!!
The guardian serpent hits you!!
* * * LOW HITPOINT WARNING * * *
You block the ironbrand convoker's attack.
Your guardian serpent zombie closely misses the guardian serpent.
Your juvenile batox beast misses the guardian serpent.
Your juvenile batox beast tramples the guardian serpent.
The guardian serpent holds its ground!
The ragged hierophant points at you and mumbles some strange words.
A blast of power from the earth strikes you!
You die...

* **######..............,
...... *
######.....#........,
.§§§§. **
######..............
,§§.§§§
***######...)...p...... ,
,,,,, *
*######....))).......,
,,, ,, *
*######......####..##, ,
, ,, *######.pppZ.#
,**##, , , **
*######..ZZpp#, ,, *, ,,
, * *######..pSp@##,
∆∆∆** 8§§§,, * *
######...HSpp# ,,*
§..§§§§§ *
**######.....p.#,,*
,§....§.§ *
*######......## ∆ ∆
*#8§.§.§ **
*######....§.#,∆,, ,∆
#§.§§.§ ***
######..§§§§#,,####,
#.§§... * *
###..§§§§####..####......
*** *
##.§§.§§§§§§§§.........)
* ***
##§§§§§§§§§§§§.........)


You could see 3 ragged hierophants, 2 servants of whispers, 3 imperial
myrmidons, 2 ironbrand convokers, 2 guardian serpents, a friendly juvenile batox
beast, a friendly guardian serpent zombie and 2 friendly servant of whispers
zombies.

Vanquished Creatures
  the Lernaean hydra (Swamp:4)
  Arachne (Spider:1)
  Jorgrun (Swamp:2)
  A tentacled monstrosity (Swamp:2)
  An acid blob (Lair:6)
  Frances (D:13)
  3 thorn hunters
  Roxanne (Spider:1)
  A fire giant (Vaults:3)
  7 vault wardens
  3 orc warlords
  2 imperial myrmidons (Desolation)
  3 ghost moths
  Louise (D:15)
  5 emperor scorpions
  6 ironheart preservers
  4 stone giants
  3 entropy weavers
  4 very ugly things
  56 slime creatures
  A deep elf demonologist (Vaults:1)
  An eidolon (Vaults:2)
  A minotaur (Lab)
  A deep elf death mage (Vaults:1)
  2 fire dragons
  An ettin (Vaults:2)
  5 ogre magi
  4 ragged hierophants (Desolation)
  Fannar (D:12)
  The ghost of Romulous the Blocker, a journeyman MiFi of Okawaru (D:12)
  An ice dragon (Vaults:1)
  Harold (D:11)
  2 rakshasas (Vaults:3)
  21 hydras
  6 yaktaur captains
  The ghost of markt42 the Basher, a journeyman GrFi of Okawaru (D:11)
  A great orb of eyes (Vaults:1)
  4 vault guards
  Josephine (D:13)
  5 peacekeepers
  5 servants of whispers (Desolation)
  16 two-headed ogres
  Erica (Orc:1)
  5 centaur warriors
  2 dancing weapons (D:13)
  The ghost of Zogzag the Destroyer, a journeyman HuEE of Vehumet (D:9)
  13 alligators
  2 death knights
  2 tengu warriors (D:13)
  A deep elf knight (Vaults:1)
  Urug (D:11)
  12 spriggans
  2 skeletal warriors
  2 shadow wraiths
  3 deep trolls (Vaults:3)
  A glowing orange brain (shapeshifter) (D:15)
  A spriggan druid (Swamp:4)
  The ghost of Caim the Nimble, a novice FeAE of Dithmenos (Lair:1)
  The ghost of flestrin the Covert, a novice SpEn of Makhleb (Lair:1)
  2 unseen horrors
  2 shambling mangroves (Swamp:2)
  6 harpies
  11 swamp dragons
  A swamp dragon (shapeshifter) (D:15)
  2 deep elf archers (Vaults:3)
  12 ironbrand convokers
  5 wizards
  21 wolf spiders
  34 ugly things
  10 orb spiders
  A necromancer (Vaults:1)
  5 orc knights
  4 cyclopes
  2 manticores
  10 deep elf magi
  3 orc sorcerers
  An oklob plant (Lair:6)
  4 centaur zombies
  8 vault sentinels
  3 elephants (Lair:4)
  A moth of wrath (Spider:1)
  Maurice (D:13)
  7 black mambas
  3 guardian serpents
  A torpor snail (Spider:2)
  2 gargoyles
  9 komodo dragons
  30 spiny frogs
  4 rime drakes
  22 yaktaurs
  An efreet (D:14)
  A komodo dragon (shapeshifter) (Vaults:3)
  7 freezing wraiths
  A yaktaur (shapeshifter) (Vaults:1)
  A yaktaur skeleton (Vaults:1)
  12 demonic crawlers
  8 trolls
  9 meliai
  30 jumping spiders
  A meliai (shapeshifter) (D:15)
  A wind drake (shapeshifter) (Vaults:3)
  19 hornets
  A jumping spider (shapeshifter) (D:15)
  28 saltlings (Desolation)
  9 tyrant leeches
  6 bog bodies
  20 blink frogs
  A polar bear (Lair:6)
  Grinder (D:3)
  2 dream sheep (D:13)
  11 hippogriffs
  3 shadows
  60 redbacks
  Eustachio (D:6)
  14 wyverns
  18 tarantellas
  A centaur simulacrum (D:14)
  A fire bat (shapeshifter) (Vaults:2)
  9 wraiths
  A steam dragon (Lair:6)
  25 yaks
  2 hungry ghosts
  3 basilisks
  Menkaure (D:7)
  14 vampire mosquitoes
  25 swamp worms
  9 wargs
  4 insubstantial wisps (Swamp:2)
  A soldier ant (D:10)
  A water moccasin (shapeshifter) (Vaults:3)
  3 acid dragons
  19 water moccasins
  A porcupine (shapeshifter) (Vaults:3)
  Duvessa (D:7)
  12 swamp drakes
  4 black bears
  7 porcupines
  43 orc warriors
  Purgy (Sewer)
  4 ice beasts
  A hornet zombie (D:10)
  20 ogres
  8 sky beasts
  2 phantoms
  8 boggarts
  9 centaurs
  7 wolves
  7 big kobolds
  14 crocodiles
  16 bullfrogs
  2 human skeletons (Vaults:1)
  Dowan (D:7)
  4 gnoll sergeants
  2 scorpions
  3 wyvern skeletons
  16 wights
  10 killer bees
  6 electric eels
  12 crimson imps
  3 hounds
  A bullfrog zombie (D:6)
  7 centaur skeletons
  6 jellies
  22 orc priests
  23 orc wizards
  6 bullfrog skeletons
  6 iguanas
  4 worker ants
  2 hound skeletons
  A worker ant zombie (D:10)
  2 howler monkey zombies (D:9)
  8 gnolls
  7 adders
  A river rat (D:5)
  5 shadow imps
  5 oozes
  A worm (D:2)
  4 dart slugs
  7 leopard geckos
  104 orcs
  A ball python (D:3)
  7 giant cockroaches
  10 goblins
  5 hobgoblins
  3 jackals (D:3)
  4 quokkas
  A ball python zombie (D:6)
  6 bats (D:2)
  A frilled lizard (D:1)
  A goblin zombie (D:6)
  13 kobolds
  A kobold zombie (D:6)
  8 rats
  6 briar patches
  A butterfly (Lair:3)
  2 fungi
  A plant (Lair:6)
1367 creatures vanquished.

Vanquished Creatures (collateral kills)
  A vault warden (Vaults:2)
  Aizul (Vaults:3)
  2 ironheart preservers
  2 ragged hierophants (Desolation)
  A peacekeeper (Desolation)
  5 two-headed ogres
  A centaur warrior (Vaults:2)
  An ogre mage (Vaults:3)
  A soul eater (Vaults:2)
  4 deep trolls (Vaults:2)
  A wizard (Vaults:1)
  An orc knight (Vaults:1)
  A harpy (Vaults:2)
  2 ugly things (Vaults:2)
  3 vault sentinels (Vaults:1)
  2 yaktaurs
  5 saltlings (Desolation)
  A slime creature (Vaults:1)
  A redback (Vaults:2)
  A centaur (Vaults:2)
  An orc (Vaults:1)
38 creatures vanquished.

Vanquished Creatures (others)
  Asterion (Spider:2)
  A hydra (Lair:6)
  A centaur warrior (Vaults:3)
  A deep elf archer (Vaults:3)
  2 wolf spiders (Spider:2)
  A cyclops (D:14)
  4 yaktaurs
  A demonic crawler (Spider:2)
  A spriggan (Swamp:4)
  An orc warrior (Vaults:2)
  2 centaurs
  4 briar patches
  20 fungi
  21 plants
61 creatures vanquished.

Grand Total: 1466 creatures vanquished

Notes
Turn   | Place    | Note
-------+----------+-------------------------------------------
     0 | D:1      | raph the Minotaur Gladiator began the quest for the Orb.
     0 | D:1      | Reached XP level 1. HP: 18/18 MP: 0/0
   192 | D:1      | Reached XP level 2. HP: 25/25 MP: 1/1
   453 | D:2      | Reached XP level 3. HP: 30/30 MP: 2/2
   635 | D:2      | Reached skill level 5 in Long Blades
   647 | D:2      | Reached XP level 4. HP: 16/38 MP: 3/3
  1258 | D:3      | Noticed Grinder
  1260 | D:3      | Paralysed by Grinder for 7 turns
  1287 | D:3      | Killed Grinder
  1287 | D:3      | Reached XP level 5. HP: 24/46 MP: 4/4
  1287 | D:3      | Reached XP level 6. HP: 27/52 MP: 5/5
  1636 | D:3      | Found a shattered altar of Ashenzari.
  1740 | D:3      | Saw a vision of the Swamp and the Spider Nest.
  1740 | D:3      | Noticed an alligator
  1740 | D:3      | Noticed an alligator
  1740 | D:3      | Noticed a redback
  1740 | D:3      | Noticed a redback
  1740 | D:3      | Noticed a wolf spider
  1740 | D:3      | Noticed a redback
  1740 | D:3      | Noticed a redback
  1740 | D:3      | Noticed a water moccasin
  1740 | D:3      | Noticed a water moccasin
  1740 | D:3      | Noticed an alligator
  1741 | D:3      | Noticed a swamp drake
  1741 | D:3      | Noticed a redback
  1748 | D:3      | Became a worshipper of Ashenzari the Shackled
  2060 | D:4      | Noticed Elmdore's ghost (novice VSFi)
  2173 | D:5      | Entered Level 5 of the Dungeon
  2313 | D:5      | Found a glowing drain.
  2333 | Sewer    | Entered a sewer
  2462 | Sewer    | Noticed Purgy
  2465 | Sewer    | Killed Purgy
  2606 | D:5      | Reached skill level 5 in Dodging
  2618 | D:5      | Reached * piety under Ashenzari
  2853 | D:5      | Found a staircase to the Ecumenical Temple.
  2927 | D:5      | Reached skill level 5 in Fighting
  2930 | D:5      | Found Qounkor's Distillery.
  2935 | D:5      | Bought 2 potions of curing for 66 gold pieces
  3014 | D:5      | Reached XP level 7. HP: 61/61 MP: 6/6
  3502 | D:6      | Found a runed door.
  3502 | D:6      | Noticed a human
  3505 | D:6      | Found a basalt altar of Yredelemnul.
  3768 | D:6      | Noticed Eustachio
  3788 | D:6      | Killed Eustachio
  3788 | D:6      | Reached XP level 8. HP: 70/71 MP: 7/7
  4234 | D:6      | Learned a level 1 spell: Animate Skeleton
  4370 | D:6      | Found Zomainim's Antique Weapon Shop.
  4579 | D:7      | Found an iron altar of Okawaru.
  4607 | D:7      | Noticed Duvessa
  4616 | D:7      | Killed Duvessa
  4617 | D:7      | Noticed Dowan
  4629 | D:7      | HP: 3/106 [something (6)]
  4630 | D:7      | Killed Dowan
  4673 | D:7      | Reached skill level 10 in Long Blades
  5113 | D:7      | Found Notur's Book Boutique.
  5135 | D:7      | Noticed Menkaure
  5141 | D:7      | Killed Menkaure
  5468 | D:8      | Reached ** piety under Ashenzari
  5520 | D:8      | Reached XP level 9. HP: 79/79 MP: 8/8
  5949 | D:8      | Found a sacrificial altar of Ru.
  6349 | D:9      | Noticed a troll
  6360 | D:9      | Killed a troll
  6552 | D:9      | Noticed a troll
  6563 | D:9      | Killed a troll
  6830 | D:9      | Noticed Zogzag's ghost (journeyman HuEE)
  6992 | D:9      | Reached XP level 10. HP: 56/90 MP: 9/9
  7050 | D:10     | Entered Level 10 of the Dungeon
  7061 | D:10     | Found a staircase to the Lair.
  7101 | D:10     | Noticed a gargoyle
  7127 | D:10     | Killed a gargoyle
  7538 | D:10     | Noticed a cyclops
  7554 | D:10     | Killed a cyclops
  7709 | D:10     | Noticed a two-headed ogre
  7732 | D:10     | Killed a two-headed ogre
  7732 | D:10     | Reached skill level 5 in Throwing
  8120 | D:10     | Reached *** piety under Ashenzari
  8503 | Lair:1   | Entered Level 1 of the Lair of Beasts
  8622 | Lair:1   | Noticed Caim's ghost (novice FeAE)
  8629 | Lair:1   | Killed Caim's ghost
  8713 | Lair:1   | Noticed flestrin's ghost (novice SpEn)
  8734 | Lair:1   | Killed flestrin's ghost
  8734 | Lair:1   | Reached skill level 10 in Fighting
  8734 | Lair:1   | Reached skill level 1 in Armour
  8734 | Lair:1   | Reached XP level 11. HP: 64/99 MP: 10/10
  9106 | Lair:1   | Noticed a six-headed hydra
  9568 | Lair:2   | Found a hole to the Spider Nest.
  9822 | Lair:2   | Reached skill level 1 in Evocations
 10506 | Lair:2   | Reached skill level 5 in Armour
 10796 | Lair:3   | Found a labyrinth entrance.
 10837 | Lab      | Entered a labyrinth
 11553 | Lab      | Noticed a minotaur
 11563 | Lab      | Killed a minotaur
 11563 | Lab      | Reached skill level 10 in Dodging
 11572 | Lab      | Identified the amulet "Uhaur" {Reflect rF+ Slay+5 SH+5}
 11901 | Lair:3   | Reached skill level 1 in Shields
 11903 | Lair:3   | Reached skill level 2 in Shields
 11913 | Lair:3   | Reached skill level 3 in Shields
 12110 | Lair:3   | Reached skill level 4 in Shields
 12362 | Lair:3   | Reached **** piety under Ashenzari
 12415 | Lair:3   | Reached skill level 5 in Shields
 12618 | Lair:3   | Reached XP level 12. HP: 108/108 MP: 12/12
 12787 | Lair:3   | Found a staircase to the Swamp.
 12802 | Lair:3   | Reached skill level 6 in Shields
 13504 | Lair:4   | Reached skill level 7 in Shields
 13884 | Lair:4   | Reached skill level 8 in Shields
 13895 | Lair:4   | Reached skill level 9 in Shields
 14131 | Lair:5   | Noticed a five-headed hydra
 14144 | Lair:5   | Killed an 11-headed hydra
 14401 | Lair:5   | Reached skill level 10 in Shields
 14487 | Lair:5   | Noticed a four-headed hydra
 14495 | Lair:5   | Killed a one-headed hydra
 14566 | Lair:5   | Identified the ring "Qixug" {*Tele rC+}
 14698 | Lair:5   | Reached skill level 11 in Shields
 15104 | Lair:6   | Entered Level 6 of the Lair of Beasts
 15114 | Lair:6   | Reached ***** piety under Ashenzari
 15115 | Lair:6   | Found a staircase to the Slime Pits.
 15133 | Lair:6   | Noticed a seven-headed hydra
 15141 | Lair:6   | Killed a four-headed hydra
 15205 | Lair:6   | Noticed an acid blob
 15473 | Lair:5   | Noticed a five-headed hydra
 15480 | Lair:5   | Killed a one-headed hydra
 15579 | Lair:5   | Noticed a five-headed hydra
 15589 | Lair:5   | Killed a one-headed hydra
 15589 | Lair:5   | Reached skill level 12 in Shields
 15661 | Lair:6   | Reached XP level 13. HP: 114/116 MP: 13/13
 16208 | Lair:6   | Killed an acid blob
 16922 | Lair:6   | Noticed a fire dragon
 17030 | Lair:6   | Reached skill level 13 in Shields
 18479 | Lair:6   | Killed a fire dragon
 18479 | Lair:6   | Reached skill level 14 in Shields
 19342 | D:9      | Found a deep blue altar of Sif Muna.
 19417 | D:9      | Killed Zogzag's ghost
 19459 | D:11     | Noticed Harold
 19464 | D:11     | Killed Harold
 19464 | D:11     | Reached XP level 14. HP: 126/126 MP: 14/14
 19575 | D:11     | Noticed Urug
 19583 | D:11     | Killed Urug
 19843 | D:11     | Found Titod's Magic Scroll Boutique.
 19849 | D:11     | Bought a scroll of acquirement for 780 gold pieces
 19849 | D:11     | Bought a scroll of enchant weapon for 112 gold pieces
 19922 | D:11     | Reached skill level 15 in Shields
 19936 | D:11     | Noticed markt42's ghost (journeyman GrFi)
 19936 | D:11     | Found a staircase to the Orcish Mines.
 19952 | D:11     | Killed markt42's ghost
 20269 | Orc:1    | Entered Level 1 of the Orcish Mines
 20274 | Orc:1    | Noticed Erica
 20286 | Orc:1    | Killed Erica
 20458 | Orc:1    | Noticed an orc warlord
 20506 | Orc:1    | Killed an orc warlord
 20506 | Orc:1    | Reached skill level 16 in Shields
 20887 | Orc:2    | Entered Level 2 of the Orcish Mines
 20914 | Orc:2    | Noticed an orc warlord
 21174 | Orc:2    | Found a staircase to the Elven Halls.
 21197 | Orc:2    | Found a roughly hewn altar of Beogh.
 21460 | Orc:2    | Noticed an orc warlord
 21492 | Orc:1    | Killed an orc warlord
 21588 | Orc:2    | Found Saalu's Antique Weapon Shop.
 21589 | Orc:2    | Found a roughly hewn altar of Beogh.
 21592 | Orc:2    | Found Mueheud's Antique Armour Boutique.
 21597 | Orc:2    | Bought a runed cloak for 277 gold pieces
 21775 | Orc:2    | Killed an orc warlord
 21930 | Orc:2    | Reached skill level 17 in Shields
 22019 | Orc:2    | Found a roughly hewn altar of Beogh.
 22030 | Orc:2    | Found Siffyo's Jewellery Shoppe.
 22058 | Orc:2    | Found a roughly hewn altar of Beogh.
 22136 | Orc:2    | Found a roughly hewn altar of Beogh.
 22258 | Orc:2    | Found a roughly hewn altar of Beogh.
 22302 | Orc:2    | Found a roughly hewn altar of Beogh.
 22322 | Orc:2    | Found Gonezop's General Store.
 22435 | Orc:2    | Bought a scroll of remove curse for 45 gold pieces
 22435 | Orc:2    | Bought a scroll of identify for 30 gold pieces
 22636 | D:12     | Noticed Romulous's ghost (journeyman MiFi)
 22652 | D:12     | Killed Romulous's ghost
 22742 | D:12     | Noticed Fannar
 22751 | D:12     | Killed Fannar
 22853 | D:12     | Reached skill level 18 in Shields
 23207 | D:12     | Identified the +5 shield of Lyduj {MR- Dex+8}
 23221 | D:12     | Reached ****** piety under Ashenzari
 23398 | D:13     | Found a gate to the Vaults.
 23474 | D:13     | Noticed Josephine
 23489 | D:13     | Killed Josephine
 23579 | D:13     | Found Poletem's General Store.
 23587 | D:13     | Reached XP level 15. HP: 132/132 MP: 15/15
 23590 | D:13     | Bought a potion of agility for 52 gold pieces
 23590 | D:13     | Bought a scroll of remove curse for 39 gold pieces
 23590 | D:13     | Bought a scroll of blinking for 97 gold pieces
 23666 | D:13     | Reached skill level 19 in Shields
 23687 | D:13     | Noticed Maurice
 23695 | D:13     | Killed Maurice
 23903 | D:13     | Noticed Frances
 23912 | D:13     | Killed Frances
 25160 | D:14     | Reached skill level 20 in Shields
 25448 | D:15     | Entered Level 15 of the Dungeon
 25474 | D:15     | Found a portal to a secret trove of treasure.
 25548 | D:15     | Identified the +1 robe of the Hanged Man {+Fly rF+ rC- Int+3}
 26152 | D:15     | Found a staircase to the Depths.
 26208 | D:15     | Noticed Louise
 26222 | D:15     | Killed Louise
 26285 | D:15     | Reached skill level 21 in Shields
 27284 | D:13     | Bought a scroll of brand weapon for 260 gold pieces
 27655 | Orc:2    | Bought an uncursed ring of poison resistance for 260 gold pieces
 27791 | Swamp:1  | Entered Level 1 of the Swamp
 28107 | Swamp:1  | Reached XP level 16. HP: 134/139 MP: 16/16
 28238 | Swamp:1  | Identified the cursed +0 plate armour "Ruleahateps" {+Inv Regen+ SInv}
 28544 | Swamp:2  | Noticed Jorgrun
 28552 | Swamp:2  | Killed Jorgrun
 28552 | Swamp:2  | Reached skill level 22 in Shields
 28877 | Swamp:2  | Paralysed by a hornet for 1 turns
 29797 | Swamp:2  | Noticed a tentacled monstrosity
 29809 | Swamp:2  | Killed a tentacled monstrosity
 29809 | Swamp:2  | Reached skill level 23 in Shields
 30699 | Swamp:3  | Noticed a thorn hunter
 30715 | Swamp:3  | Killed a thorn hunter
 30715 | Swamp:3  | Reached skill level 15 in Long Blades
 31454 | Swamp:4  | Entered Level 4 of the Swamp
 31684 | Swamp:4  | Noticed a thorn hunter
 31701 | Swamp:4  | Killed a thorn hunter
 32037 | Swamp:4  | Noticed a thorn hunter
 32056 | Swamp:4  | Killed a thorn hunter
 32427 | Swamp:4  | Reached XP level 17. HP: 104/148 MP: 18/18
 32437 | Swamp:4  | Noticed the 27-headed Lernaean hydra
 32803 | Swamp:4  | Got a decaying rune of Zot
 33081 | Swamp:4  | Killed the 21-headed Lernaean hydra
 33447 | Lair:3   | Learned a level 2 spell: Swiftness
 33451 | Lair:3   | Learned a level 3 spell: Regeneration
 33588 | Spider:1 | Entered Level 1 of the Spider Nest
 33588 | Spider:1 | Noticed Roxanne
 33919 | Spider:1 | Reached skill level 10 in Armour
 33952 | Spider:1 | Reached skill level 1 in Air Magic
 34072 | Spider:1 | Reached skill level 1 in Spellcasting
 34360 | Spider:1 | Reached skill level 1 in Charms
 34590 | Spider:1 | Killed Roxanne
 34807 | Spider:2 | Noticed Asterion
 34833 | Spider:2 | Killed Asterion
 35318 | Spider:2 | Noticed Arachne
 35338 | Spider:1 | Killed Arachne
 36203 | Spider:2 | Reached skill level 5 in Evocations
 37199 | Spider:3 | Reached XP level 18. HP: 142/157 MP: 20/20
 37319 | Spider:3 | Reached skill level 24 in Shields
 37381 | Spider:3 | Reached skill level 1 in Necromancy
 37976 | Spider:3 | Noticed Bai Suzhen
 38184 | Vaults:1 | Entered Level 1 of the Vaults
 38295 | D:10     | Learned a level 4 spell: Animate Dead
 39126 | Vaults:1 | Reached skill level 1 in Stealth
 40567 | Vaults:2 | Reached XP level 19. HP: 145/166 MP: 23/23
 40745 | Vaults:2 | Paralysed by a wizard for 4 turns
 41149 | Vaults:2 | Found a staircase to the Crypt.
 41521 | Vaults:2 | Reduced skill Throwing to level 5
 41637 | Vaults:2 | Reached skill level 5 in Spellcasting
 42123 | Vaults:3 | Found Mofen's Distillery.
 42146 | Vaults:3 | Bought a potion of heal wounds for 90 gold pieces
 42146 | Vaults:3 | Bought a potion of haste for 180 gold pieces
 42146 | Vaults:3 | Bought a potion of heal wounds for 90 gold pieces
 42737 | Vaults:3 | Identified the +3 ring mail of Classification {*Corrode rPois Regen+ Stlth+}
 43607 | Vaults:3 | Identified the cursed +0 hand crossbow "Litius" {penet, rPois Int+3 Dex+2}
 44038 | Vaults:3 | Noticed Aizul
 44054 | Vaults:3 | Killed Aizul
 44683 | Vaults:4 | Identified the +8 falchion of the Silent Majority {drain, rPois Int+4 Stlth+}
 44720 | Vaults:4 | Found a ruined gateway.
 44725 | Vaults:4 | Reached skill level 5 in Necromancy
 44742 | Desolati | Entered the Desolation of Salt
 45000 | Desolati | Reached XP level 20. HP: 104/176 MP: 12/28
 45288 | Desolati | HP: 7/175 [guardian serpent (18)]
 45288 | Desolati | Killed from afar by a ragged hierophant

Skill      XL: |  1  2  3  4  5  6  7  8  9 10 11 12 13 14 15 16 17 18 19 |
---------------+----------------------------------------------------------+-----
Long Blades    | 4 5 6 7 9 10 12 13 14 15 16 17 | 17.1
Fighting       | 3 4 5 6 7 8 10 11 12 13 14 | 14.6
Dodging        | 4 5 6 7 8 9 10 11 12 13 | 13.6
Throwing       | 4 5 6 2 |  2.8
Armour         | 1 5 6 8 9 10 11 12 | 12.4
Evocations     | 2 3 5 6 |  6.9
Shields        | 5 12 14 18 21 23 24 | 24.6
Air Magic      | 2 |  2.2
Spellcasting   | 2 3 6 |  6.1
Charms         | 2 3 |  3.4
Necromancy     | 3 5 |  5.3
Stealth        | 2 4 |  4.6

Action                   |  1- 3 |  4- 6 |  7- 9 | 10-12 | 13-15 | 16-18 | 19-21 || total
-------------------------+-------+-------+-------+-------+-------+-------+-------++-------
Melee: Long sword        |    58 |   101 |   218 |   468 |  1366 |  1469 |   665 ||  4345
       Headbutt          |     8 |    21 |    60 |   133 |   392 |   511 |   202 ||  1327
       Double sword      |       |       |       |       |    97 |   142 |       ||   239
Throw: Throwing net      |       |     1 |     2 |       |       |       |       ||     3
       Tomahawk          |       |       |     2 |     2 |       |       |       ||     4
       Javelin           |       |       |       |       |    10 |     6 |     3 ||    19
 Cast: Animate Skeleton  |       |       |       |       |       |    45 |    35 ||    80
       Regeneration      |       |       |       |       |       |     3 |    12 ||    15
       Animate Dead      |       |       |       |       |       |       |    14 ||    14
Invok: Curse Item        |       |     1 |     2 |     3 |     3 |     1 |       ||    10
       Scrying           |       |       |       |       |     1 |     1 |       ||     2
       Transfer Knowledg |       |       |       |       |       |       |     1 ||     1
Evoke: Wand              |       |       |       |     3 |    18 |    11 |     5 ||    37
       Lightning rod     |       |       |       |       |       |     2 |       ||     2
       Box of beasts     |       |       |       |       |       |       |     1 ||     1
  Use: Scroll            |       |    10 |     8 |    14 |    16 |    12 |     4 ||    64
       Potion            |       |       |     2 |     4 |     4 |     6 |     1 ||    17
 Stab: Held in net/web   |       |       |     1 |       |       |       |       ||     1
       Confused          |       |       |       |       |       |     1 |       ||     1
       Distracted        |       |       |       |       |       |     4 |     7 ||    11
  Eat: Chunk             |       |     7 |     8 |    19 |    29 |    10 |    11 ||    84
       Royal jelly       |       |       |     1 |       |     1 |     3 |       ||     5
       Meat ration       |       |       |     1 |     1 |     2 |     4 |     2 ||    10
       Fruit             |       |       |       |       |     2 |     1 |       ||     3
       Bread ration      |       |       |       |       |       |     2 |       ||     2
Armor: Ring mail         |    19 |    11 |       |       |       |       |       ||    30
       Chain mail        |       |    25 |   103 |   123 |    35 |       |       ||   286
       Swamp dragon scal |       |       |       |       |     5 |       |       ||     5
       Fire dragon scale |       |       |       |       |   124 |   397 |    82 ||   603
Dodge: Dodged            |    37 |    50 |   100 |   113 |   223 |   638 |   142 ||  1303
Block: Large shield      |       |       |       |   232 |  1341 |  2250 |   726 ||  4549
       Reflection        |       |       |       |     1 |    40 |    48 |    44 ||   133
       Rpst.: Long sword |     9 |    14 |    37 |    31 |    53 |    89 |    19 ||   252
       Double sword      |       |       |       |       |     2 |     2 |       ||     4
